 Dungeon Crawl Stone Soup version 0.32-a0-886-g41c5271027 (webtiles) character file.

Game seed: 16874712314341810126

1847 pokeman the Thaumaturge (level 8, -7/44 HPs)
             Began as a Deep Elf Hedge Wizard on Apr 2, 2024.
             Was an Initiate of Vehumet.
             Mangled by a shadow (16 damage)
             ... on level 7 of the Dungeon.
             The game lasted 00:11:59 (5782 turns).

pokeman the Thaumaturge (Deep Elf Hedge Wizard)     Turns: 5782, Time: 00:11:59

Health: -7/44      AC:  9    Str:  7    XL:     8   Next: 88%
Magic:  22/34      EV: 12    Int: 22    God:    Vehumet [......]
Gold:   126        SH:  5    Dex: 14    Spells: 21/29 levels left

rFire   . . .        E - +1 mace (venom)
rCold   . . .        (no shield)
rNeg    + . .        t - +2 robe of the Unseen Realm {Fly rN+ rCorr}
rPois   .            c - +0 hat
rElec   .            (no cloak)
rCorr   +            (no gloves)
SInv    .            m - +0 pair of boots
Will    .....        I - amulet of reflection
Stlth   ++           q - +4 ring of protection
HPRegen 0.27/turn    D - ring of magical power
MPRegen 0.24/turn

%: reflection
@: flying
A: no striking features
a: Renounce Religion


You were on level 7 of the Dungeon.
You worshipped Vehumet.
Vehumet was noncommittal.
You visited 2 branches of the dungeon, and saw 8 of its levels.

You collected 344 gold pieces.
You spent 218 gold pieces at shops.

Inventory:

Hand Weapons
 o - a +2 dagger of electrocution
 E - a +1 mace of venom (weapon)
Armour
 c - a +0 hat (worn)
 m - a +0 pair of boots (worn)
 t - the +2 robe of the Unseen Realm (worn) {Fly rN+ rCorr}
   (You found it on level 2 of the Dungeon)

   rN+:       It protects you from negative energy.
   Fly:       It grants you flight.
   rCorr:     It protects you from acid and corrosion.
 u - an orb of light
 G - a +0 buckler
Jewellery
 q - a +4 ring of protection (left hand)
 D - a ring of magical power (right hand)
 I - an amulet of reflection (around neck)
Wands
 n - a wand of paralysis (13)
 J - a wand of roots (3)
Scrolls
 a - 4 scrolls of vulnerability {unknown}
 b - 2 scrolls of immolation {unknown}
 e - 2 scrolls of poison {unknown}
 f - a scroll of revelation {unknown}
 g - 2 scrolls of fear {unknown}
 h - 2 scrolls of amnesia {unknown}
 j - a scroll of enchant weapon {unknown}
 r - 2 scrolls of noise
 s - 4 scrolls of identify
 w - 5 scrolls of teleportation {unknown}
 y - 2 scrolls of enchant armour {unknown}
 A - 2 scrolls of silence {unknown}
 H - 2 scrolls of fog {unknown}
Potions
 d - a potion of magic
 i - 3 potions of enlightenment {unknown}
 k - 2 potions of might {unknown}
 l - 3 potions of haste {unknown}
 p - 2 potions of degeneration
 v - 4 potions of heal wounds
 x - a potion of invisibility {unknown}
 z - a potion of mutation {unknown}
 B - a potion of attraction {unknown}
 C - 5 potions of resistance {unknown}
 F - 2 potions of curing


   Skills:
 - Level 2.0 Fighting
 - Level 3.3 Armour
 - Level 3.2 Dodging
 - Level 3.0 Stealth
 + Level 0.2 Shields
 * Level 11.2 Spellcasting
 + Level 6.1 Conjurations
 - Level 1.1 Summonings
 - Level 1.1 Translocations
 - Level 1.1 Air Magic
 - Level 1.1 Alchemy
 - Level 1.0 Evocations


You had 21 spell levels left.
You knew the following spells:

 Your Spells              Type           Power      Damage    Failure   Level
a - Magic Dart            Conj           100%       1d8       1%          1
b - Mephitic Cloud        Conj/Alch/Air  24%        N/A       4%          3
c - Call Imp              Summ           34%        N/A       5%          2
d - Blink                 Tloc           34%        N/A       5%          2

Your spell library contained the following spells:

 Spells                   Type           Power      Damage    Failure   Level
 Sting                    Conj/Alch      100%       1d9       1%          1
 Apportation              Tloc           34%        N/A       3%          1
 Summon Small Mammal      Summ           68%        N/A       3%          1
 Necrotise                Necr           48%        1d6       5%          1
 Slow                     Hex            48%        N/A       5%          1
 Cigotuvi's Dreadful Rot  Necr/Alch/Air  30%        N/A       6%          2
 Maxwell's Portable Pile  Tloc           17%        2d(6-18)  11%         3
 Arcjolt                  Conj/Air       14%        1d24      32%         5
 Maxwell's Capacitive Co  Air            8%         ∞         100%        8


Dungeon Overview and Level Annotations

Branches:
Dungeon (7/15)             Temple (1/1) D:5

Altars:
Ashenzari
Cheibriados
Dithmenos
Elyvilon
Gozag
Hepliaklqana
Kikubaaqudgha
Makhleb
Nemelex Xobeh
Okawaru
Qazlal
Ru
Sif Muna
Trog
Uskayaw
Vehumet
Wu Jian
Xom
Yredelemnul
Zin

Shops:
D:3 :?[   D:5 !


Message History

Press: ? - help, Shift-Dir - straight line, f - shadow
Aim: a shadow (100% to hit)
The magic dart hits the shadow.
The shadow is lightly damaged.
The shadow slips into darkness.
The shadow flickers and vanishes!
Deactivating autopickup; reactivate with Ctrl-A.
Casting: Magic Dart (safe; 1% risk of failure)
Confirm with . or Enter, or press ? or * to list all spells.
You blink.
Found 10 gold pieces.
You feel ready to blink again.
You see here 10 gold pieces.
Found a robe.
Found a hand axe.
The shadow strikes at you from the darkness!
Ouch! That really hurt!
* * * LOW HITPOINT WARNING * * *
Reactivating autopickup.
You see here a +0 hand axe.
Casting: Blink (safe; 5% risk of failure)
Confirm with . or Enter, or press ? or * to list all spells.
You blink.
Casting: Blink (safe; 5% risk of failure)
Confirm with . or Enter, or press ? or * to list all spells.
A tiny devil pulls itself out of the air.
The shadow attacks as it pursues you! The shadow hits you.
You feel ready to blink again.
Your cerulean imp hits the shadow but does no damage.
Casting: Call Imp (safe; 5% risk of failure)
Confirm with . or Enter, or press ? or * to list all spells.
You blink.
Your cerulean imp hits the shadow but does no damage.
The shadow slips into darkness.
The shadow flickers and vanishes!
Deactivating autopickup; reactivate with Ctrl-A.
You feel ready to blink again.
There is an open door here.
The shadow strikes at you from the darkness!
You die...

.......#<#.#.#.#..#.#.....
#....##.#......#.##....
+.....#.###....#.######
#.....#...#5..).[######
#####...#.#.#######....
#######.#.#......##....
..........#......##....
#######.##.......##....
#<..@..5.......##....
###....#...###.......
#....#...# #....##.
#....##### #....... +.....
#....... #...... ###.....
#....... #..... ###...###
#..... #.....


You could see a friendly cerulean imp (summoned).

Vanquished Creatures
  Pikel (D:7)
  An ice beast (D:6)
  2 sky beasts (D:6)
  2 ogres
  A centaur (D:5)
  2 phantoms
  2 kobold brigands
  A scorpion (D:5)
  A howler monkey (D:6)
  2 hounds
  2 iguanas
  2 sleepcaps (D:5)
  3 orc wizards
  Ijyb (D:2)
  7 adders
  A white imp (D:5)
  2 ufetubi (D:5)
  A ribbon worm (D:4)
  2 dart slugs
  12 orcs
  8 endoplasms
  4 giant cockroaches
  11 goblins
  7 hobgoblins
  4 jackals (D:5)
  19 kobolds
  4 quokkas
  6 ball pythons
  4 bats
  4 frilled lizards
  6 rats
125 creatures vanquished.

Vanquished Creatures (collateral kills)
  A bullfrog (D:5)
1 creature vanquished.

Grand Total: 126 creatures vanquished

Notes
Turn   | Place    | Note
-------+----------+-------------------------------------------
     0 | D:1      | pokeman the Deep Elf Hedge Wizard began the quest for the
                  | Orb.
     0 | D:1      | Reached XP level 1. HP: 10/10 MP: 7/7
   309 | D:1      | Reached XP level 2. HP: 16/16 MP: 1/9
   714 | D:1      | Reached skill level 5 in Spellcasting
  1069 | D:2      | Noticed Ijyb
  1072 | D:2      | Paralysed by Ijyb for 4 turns
  1073 | D:2      | Reached XP level 3. HP: 20/20 MP: 7/11
  1095 | D:1      | Learned a level 3 spell: Mephitic Cloud
  1098 | D:1      | Learned a level 2 spell: Call Imp
  1101 | D:1      | Learned a level 2 spell: Blink
  1152 | D:2      | Killed Ijyb
  1153 | D:2      | Reached skill level 1 in Fighting
  1153 | D:2      | Reached skill level 1 in Armour
  1396 | D:2      | Reached XP level 4. HP: 25/25 MP: 2/13
  1681 | D:2      | Found a faded altar of an unknown god.
  1709 | D:2      | Identified the +2 robe of the Unseen Realm {Fly rN+ rCorr}
  2343 | D:3      | Found Dioraphochath's Armour Emporium.
  2416 | D:3      | Reached skill level 6 in Spellcasting
  2484 | D:3      | Found Vyqoawij's Book Boutique.
  2568 | D:3      | Noticed an ogre
  2574 | D:3      | Killed an ogre
  2575 | D:3      | Reached skill level 1 in Evocations
  2575 | D:3      | Reached XP level 5. HP: 29/29 MP: 5/16
  2799 | D:3      | Found Geckamn's Magic Scroll Shoppe.
  2805 | D:3      | Bought a scroll of identify for 20 gold pieces
  2805 | D:3      | Bought a scroll of noise for 10 gold pieces
  2805 | D:3      | Bought a scroll of identify for 20 gold pieces
  3076 | D:4      | Found a burning altar of Makhleb.
  3099 | D:4      | Found an ornate altar of the Wu Jian Council.
  3377 | D:4      | Found an iron altar of Okawaru.
  3520 | D:5      | Entered Level 5 of the Dungeon
  3537 | D:5      | Reached XP level 6. HP: 34/34 MP: 17/17
  3608 | D:5      | Reached skill level 7 in Spellcasting
  3608 | D:5      | Reached skill level 1 in Air Magic
  3608 | D:5      | Reached skill level 1 in Alchemy
  3700 | D:5      | Found a staircase to the Ecumenical Temple.
  3790 | D:5      | Reached XP level 7. HP: 38/38 MP: 19/20
  4058 | D:5      | Reached skill level 8 in Spellcasting
  4189 | D:5      | Found Dunekoc's Distillery.
  4197 | D:5      | Bought a potion of degeneration for 14 gold pieces
  4197 | D:5      | Bought a potion of curing for 42 gold pieces
  4197 | D:5      | Bought a potion of curing for 42 gold pieces
  4197 | D:5      | Bought a potion of heal wounds for 70 gold pieces
  4814 | D:6      | Reached skill level 9 in Spellcasting
  5006 | D:6      | Reached XP level 8. HP: 16/44 MP: 23/23
  5042 | Temple   | Entered the Ecumenical Temple
  5054 | Temple   | Became a worshipper of Vehumet
  5166 | D:6      | Reached skill level 5 in Conjurations
  5332 | D:6      | Reached skill level 10 in Spellcasting
  5715 | D:7      | Noticed Pikel
  5731 | D:7      | Killed Pikel
  5732 | D:7      | Reached skill level 11 in Spellcasting
  5782 | D:7      | Mangled by a shadow

Illustrated notes

Levels and vault maps discovered:
D:1:      erik_arrival_triangle_huge, layout_rooms
D:2:      kennysheep_the_goblin_king, layout_basic,
          shapermc_ecumenical_altar_starsandcircs, st_stairs_11
D:3:      layout_basic, serial_shops, shop, shop, shop, corexii_shack,
          minmay_circle_x
D:4:      layout_basic, jmf_multi_god_temple2, okawaru_ov_weapons_minmay,
          serial_rivers, chequers_serial_rivers_small_3,
          chequers_serial_rivers_room_b, chequers_serial_rivers_micro_d,
          chequers_serial_rivers_micro_d, chequers_serial_rivers_small_a,
          chequers_serial_rivers_room_b
D:5:      layout_gridville, minmay_temple_entry_from_below_a, serial_shops, shop
D:6:      layout_loops_ring
D:7:      layout_basic, uniq_pikel
Temple:   bh_familiar_temple

Skill      XL: |  1  2  3  4  5  6  7  8 |
---------------+-------------------------+-----
Spellcasting   | 5 6 7 9 11 | 11.2
Fighting       | 1 2 |  2.0
Armour         | 1 2 3 |  3.3
Conjurations   | 2 3 4 6 |  6.1
Stealth        | 3 |  3.0
Dodging        | 3 |  3.2
Evocations     | 1 |  1.0
Air Magic      | 1 |  1.1
Alchemy        | 1 |  1.1
Shields        | |  0.2
Summonings     | |  1.1
Translocations | |  1.1

Action                     |  1- 3 |  4- 6 |  7- 9 || total
---------------------------+-------+-------+-------++-------
  Melee: Dagger            |    18 |    42 |    13 ||    73
         Mace              |       |       |    57 ||    57
   Cast: Magic Dart        |    74 |   111 |    88 ||   273
         Mephitic Cloud    |     1 |     6 |    10 ||    17
         Call Imp          |       |     1 |     4 ||     5
         Blink             |       |       |     5 ||     5
   Stab: Confused          |     2 |     5 |     9 ||    16
         Distracted        |       |       |     1 ||     1
 Armour: Robe              |    13 |    28 |    71 ||   112
  Dodge: Dodged            |    17 |    26 |    58 ||   101
  Block: Other             |       |       |    13 ||    13
         Reflection        |       |       |     2 ||     2

Table legend: (Time is in decaauts)
 A = Elapsed time spent in this place.
 B = Non-inter-level travel time spent in this place.
 C = Inter-level travel time spent in this place.
 D = Time resting spent in this place.
 E = Time spent auto-exploring this place.
 F = Levels seen in this place.
 G = Mean time per level.
                   A        B        C        D        E       F      G
               +--------+--------+--------+--------+--------+-----+--------+
         Total |   5801 |   5646 |    155 |     44 |   4669 |   8 |  725.1 |
       Dungeon |   5778 |   5633 |    145 |     44 |   4669 |   7 |  825.4 |
        Temple |     23 |     13 |     10 |      0 |      0 |   1 |   23.0 |
               +--------+--------+--------+--------+--------+-----+--------+

Top non-repeatable levels by time:
     D:5: 1117 daAuts
     D:6: 1023 daAuts
     D:2: 1005 daAuts
     D:1: 975 daAuts
     D:3: 945 daAuts
     D:4: 592 daAuts
     D:7: 119 daAuts
  Temple: 23 daAuts
